 Dungeon Crawl Stone Soup version 0.25-a0-942-g87a53962fc (webtiles) character file.

Game seed: 8699974781238107150, levelgen mode: deterministic

4536 Flugslaktarn the Cleaver (level 10, -11/90 HPs)
             Began as a Minotaur Fighter on May 7, 2020.
             Was an Initiate of Gozag.
             Mangled by a two-headed ogre
             ... wielding a +0 great mace
              (17 damage)
             ... on level 8 of the Dungeon.
             The game lasted 00:04:55 (6557 turns).

Flugslaktarn the Cleaver (Minotaur Fighter)         Turns: 6557, Time: 00:04:56

Health: -11/90     AC: 18    Str: 24    XL:     10   Next: 17%
Magic:  9/9        EV:  7    Int:  5    God:    Gozag
Gold:   908        SH:  0    Dex: 10    Spells: 9/9 levels left

rFire    . . .     SeeInvis .   I - +2 battleaxe (freeze) (curse)
rCold    . . .     Gourm    .   (shield currently unavailable)
rNeg     . . .     Faith    .   f - +0 plate armour
rPois    +         Spirit   .   w - +0 hat
rElec    .         Reflect  .   s - +2 cloak
rCorr    .         Harm     .   l - +0 pair of gloves
MR       .....                  (no boots)
Stlth    ..........             k - amulet of regeneration
HPRegen  0.65/turn              o - ring of poison resistance
MPRegen  0.11/turn              (no ring)

@: no status effects
A: retaliatory headbutt, horns 2
a: Potion Petition, Call Merchant, Bribe Branch, Renounce Religion


You were on level 8 of the Dungeon.
You worshipped Gozag.
Gozag was pleased with you.
You were not hungry.

You visited 2 branches of the dungeon, and saw 9 of its levels.

You collected 1000 gold pieces.
You paid 92 gold pieces to Gozag.

Inventory:

Hand Weapons
 b - a +1 war axe of draining
   (You took it off Maggie on level 6 of the Dungeon)
 I - a cursed +2 battleaxe of freezing (weapon)
   (You took it off a wight on level 8 of the Dungeon)
Missiles
 D - 2 throwing nets (quivered)
Armour
 c - a +0 kite shield
 f - a +0 plate armour (worn)
   (You found it on level 6 of the Dungeon)
 l - a +0 pair of gloves (worn)
   (You found it on level 4 of the Dungeon)
 s - a +2 cloak (worn)
   (You found it on level 3 of the Dungeon)
 w - a +0 hat (worn)
   (You found it on level 6 of the Dungeon)
 G - a +0 tower shield
   (You found it on level 7 of the Dungeon)
Jewellery
 k - an amulet of regeneration (around neck)
   (You found it on level 2 of the Dungeon)
 o - a ring of poison resistance (left hand)
   (You found it on level 1 of the Dungeon)
 B - an uncursed ring of see invisible {unknown}
   (You found it on level 7 of the Dungeon)
Wands
 a - a wand of iceblast (10)
   (You found it on level 6 of the Dungeon)
 j - a wand of clouds (1)
   (You took it off Pikel on level 6 of the Dungeon)
 y - a wand of scattershot (7)
   (You found it on level 7 of the Dungeon)
Scrolls
 m - a scroll of fear
 q - 2 scrolls of magic mapping
 r - 2 scrolls of identify
 t - 2 scrolls of teleportation
 x - 11 scrolls of remove curse
 z - 3 scrolls of blinking
 C - a scroll of enchant armour
 H - a scroll of enchant weapon {unknown}
Potions
 d - 2 potions of might
 g - 3 potions of mutation
 h - 2 potions of haste
 i - 2 potions of flight
 n - 2 potions of resistance
 p - 4 potions of heal wounds
 u - a potion of lignification {unknown}
 v - 2 potions of curing {unknown}
 A - a potion of invisibility {unknown}
 E - a potion of stabbing {unknown}
 F - a potion of berserk rage
Comestibles
 e - 10 rations


   Skills:
 + Level 8.8 Fighting
 * Level 11.3 Axes
 + Level 8.8 Armour
 + Level 0.8 Dodging
 - Level 8.7 Shields


You had 9 spell levels left.
You didn't know any spells.
Your spell library was empty.

Dungeon Overview and Level Annotations

Branches:
Dungeon (8/15)             Temple (1/1) D:5
   Lair: D:8-11

Altars:
Ashenzari
Cheibriados
Dithmenos
Elyvilon
Fedhas
Gozag
Hepliaklqana
Kikubaaqudgha
Makhleb
Nemelex Xobeh
Okawaru
Qazlal
Ru
Sif Muna
Trog
Uskayaw
Vehumet
Wu Jian
Xom
Yredelemnul
Zin
The Shining One

Shops:
D:6 !

Annotations:
D:3 2 transporters, kae's ghost, amateur MfIE


Innate Abilities, Weirdness & Mutations

You reflexively headbutt those who attack you in melee.
You have a pair of horns on your head.


Message History

You headbutt the two-headed ogre, but do no damage.
The two-headed ogre is severely wounded.
The two-headed ogre barely misses you. You furiously retaliate!
You headbutt the two-headed ogre.
The two-headed ogre hits you with a +0 giant spiked club!
You hit the two-headed ogre but do no damage.
The two-headed ogre is severely wounded.
The two-headed ogre hits you with a +0 great mace.
The two-headed ogre hits you with a +0 giant spiked club!
* * * LOW HITPOINT WARNING * * *
You are too injured to fight recklessly!
You are too injured to fight recklessly!
You slash the two-headed ogre! You freeze the two-headed ogre.
Your headbutt misses the two-headed ogre.
The two-headed ogre is almost dead.
The two-headed ogre hits you with a +0 great mace!
* * * LOW HITPOINT WARNING * * *
The two-headed ogre hits you with a +0 giant spiked club!
You die...
Your body crumbles into a pile of gold.

.# #...........#
.####...........#
................#
)###...)........# .#
#).).........# .#
#.)..........####+# .#
#)########.#<.....# .#
#)# #.....######
.###)######.#...@O...#
.....).)....########.#
###.#######....... #.#
#.......
###.#######.......
#.........#.......
#.........########
#.........#
'.........#


You could see a two-headed ogre.

Vanquished Creatures
  Pikel (D:6)
  Maggie (D:6)
  Grinder (D:4)
  Menkaure (D:4)
  Edmund (D:6)
  Duvessa (D:4)
  2 ice beasts
  2 orc warriors (D:8)
  4 sky beasts
  2 slaves (D:6)
  A necrophage (D:6)
  2 ogres
  3 centaurs
  Blork the orc (D:6)
  A bullfrog (D:6)
  Dowan (D:4)
  A scorpion (D:8)
  3 killer bees (D:7)
  5 wights (D:8)
  A howler monkey (D:5)
  A crimson imp (D:8)
  3 jellies
  14 orc wizards
  2 hounds
  5 orc priests
  2 gnoll shamans
  Crazy Yiuf (D:4)
  An iguana (D:4)
  7 worker ants
  2 hound skeletons
  A worker ant zombie (D:5)
  9 adders
  9 gnolls
  8 oozes
  4 worms
  2 dart slugs
  7 leopard geckos
  34 orcs
  7 bats
  4 giant cockroaches
  9 goblins
  8 hobgoblins
  3 jackals (D:6)
  5 quokkas
  6 frilled lizards
  A giant cockroach zombie (D:5)
  13 kobolds
  A quokka skeleton (D:4)
  10 rats
214 creatures vanquished.

Vanquished Creatures (others)
  A slave (D:6)
  An orc wizard (D:5)
  9 toadstools (D:4)
11 creatures vanquished.

Grand Total: 225 creatures vanquished

Notes
Turn   | Place    | Note
-------+----------+-------------------------------------------
     0 | D:1      | Flugslaktarn the Minotaur Fighter began the quest for the
                  | Orb.
     0 | D:1      | Reached XP level 1. HP: 19/19 MP: 0/0
   251 | D:1      | Reached XP level 2. HP: 23/27 MP: 1/1
   333 | D:1      | Reached skill level 3 in Axes
   757 | D:2      | Reached XP level 3. HP: 33/33 MP: 2/2
  1398 | D:2      | Reached XP level 4. HP: 40/40 MP: 3/3
  1709 | D:3      | Reached skill level 4 in Axes
  2176 | D:3      | Found a transporter.
  2178 | D:3      | Found a transporter.
  2178 | D:3      | Noticed kae's ghost (amateur MfIE)
  2264 | D:4      | Reached XP level 5. HP: 38/47 MP: 4/4
  2338 | D:4      | Reached skill level 5 in Axes
  2394 | D:4      | Noticed Grinder
  2396 | D:4      | Noticed Menkaure
  2404 | D:4      | Reached XP level 6. HP: 54/55 MP: 5/5
  2406 | D:4      | Killed Menkaure
  2406 | D:4      | Reached skill level 5 in Fighting
  2406 | D:4      | Reached skill level 5 in Armour
  2406 | D:4      | Reached skill level 5 in Shields
  2490 | D:4      | Paralysed by Grinder for 2 turns
  2500 | D:4      | Killed Grinder
  2500 | D:4      | Reached skill level 6 in Axes
  2500 | D:4      | Reached XP level 7. HP: 27/61 MP: 6/6
  2593 | D:4      | Found an ancient bone altar of Kikubaaqudgha.
  2829 | D:4      | Noticed Dowan
  2829 | D:4      | Noticed Duvessa
  2842 | D:4      | Killed Duvessa
  2842 | D:4      | Reached skill level 7 in Axes
  2848 | D:4      | Killed Dowan
  2902 | D:4      | Found a runed translucent door.
  2903 | D:4      | Noticed Crazy Yiuf
  2988 | D:4      | Killed Crazy Yiuf
  3058 | D:4      | Reached XP level 8. HP: 70/70 MP: 7/7
  3150 | D:5      | Entered Level 5 of the Dungeon
  3269 | D:5      | Reached skill level 8 in Axes
  3298 | D:5      | Found a staircase to the Ecumenical Temple.
  3348 | Temple   | Entered the Ecumenical Temple
  4177 | D:5      | Found an opulent altar of Gozag.
  4177 | D:5      | Found a burning altar of Makhleb.
  4177 | D:5      | Found a glowing golden altar of the Shining One.
  4300 | D:5      | Became a worshipper of Gozag Ym Sagoz the Greedy
  4340 | D:6      | Noticed Pikel
  4369 | D:6      | Killed Pikel
  4369 | D:6      | Reached skill level 9 in Axes
  4369 | D:6      | Reached XP level 9. HP: 52/79 MP: 8/8
  4522 | D:6      | Found Awainoaw's Distillery.
  4533 | D:6      | Noticed Blork the orc
  4550 | D:6      | Killed Blork the orc
  4731 | D:6      | Found a radiant altar of Vehumet.
  4869 | D:6      | Noticed Maggie
  4886 | D:6      | Killed Maggie
  4886 | D:6      | Reached skill level 10 in Axes
  4937 | D:6      | Noticed Edmund
  4947 | D:6      | Killed Edmund
  5017 | D:6      | Found a white marble altar of Elyvilon.
  5092 | D:6      | Found a stormy altar of Qazlal.
  5688 | D:7      | Found a glowing silver altar of Zin.
  5699 | D:7      | Found a snail-covered altar of Cheibriados.
  5703 | D:7      | Found a basalt altar of Yredelemnul.
  5704 | D:7      | Found a white marble altar of Elyvilon.
  5707 | D:7      | Found a shimmering altar of Xom.
  5724 | D:7      | Found an iron altar of Okawaru.
  5725 | D:7      | Found a bloodstained altar of Trog.
  6207 | D:8      | Reached skill level 11 in Axes
  6254 | D:8      | Reached XP level 10. HP: 77/90 MP: 9/9
  6548 | D:8      | Noticed a two-headed ogre
  6557 | D:8      | Mangled by a two-headed ogre

Levels and vault maps discovered:
D:1:      lightli_arrival_statue_moat, layout_rooms
D:2:      layout_basic
D:3:      layout_basic, gammafunk_ghost_mausoleum, fountainhead
D:4:      cheibrodos_fertilizer, layout_rooms, kiku_gazebo_garden_becter,
          first_ration, uniq_grinder, uniq_crazy_yiuf_cottage, uniq_duvessa,
          uniq_menkaure
D:5:      layout_loops_ring, gammafunk_temple_overflow_claw, temple_fountains,
          serial_rivers, chequers_serial_rivers_micro_c,
          chequers_serial_rivers_large_a, chequers_serial_rivers_micro_a,
          chequers_serial_rivers_room_a, chequers_serial_rivers_micro_a,
          chequers_serial_rivers_room_b
D:6:      layout_basic, lemuel_coloured_pillars_altar, lemuel_round_altar,
          serial_shops, nicolae_shop_waterfront, elyvilon_altar_1, uniq_maggie,
          uniq_blork_the_orc, uniq_edmund, uniq_pikel
D:7:      layout_basic, grunt_temple_overflow_bloody_war, minitemple
D:8:      layout_basic, uniq_gastronok
Temple:   nicolae_temple_figure_zero

Skill      XL: |  1  2  3  4  5  6  7  8  9 |
---------------+----------------------------+-----
Axes           | 3 4 5 6 7 9 11 | 11.3
Armour         | 4 5 6 7 8 |  8.8
Shields        | 4 5 6 7 8 |  8.7
Fighting       | 4 5 6 7 8 |  8.8
Dodging        | |  0.8

Action                   |  1- 3 |  4- 6 |  7- 9 | 10-12 || total
-------------------------+-------+-------+-------+-------++-------
Melee: War axe           |   116 |   104 |   322 |    56 ||   598
       Headbutt          |    10 |    20 |    60 |    14 ||   104
       Battleaxe         |       |       |       |    21 ||    21
  Use: Scroll            |       |     8 |     8 |       ||    16
 Stab: Distracted        |       |       |     2 |       ||     2
  Eat: Chunk             |     2 |     3 |     2 |       ||     7
       Ration            |       |       |     3 |     1 ||     4
Armor: Scale mail        |    53 |    56 |    84 |       ||   193
       Plate armour      |       |       |    62 |    28 ||    90
Dodge: Dodged            |    32 |    38 |    78 |    16 ||   164
Block: Kite shield       |    53 |    56 |   147 |    17 ||   273

Table legend:
 A = Non-vault XP
 B = Vault XP
 C = Vault XP percentage of total XP
 D = Non-vault monster count
 E = Vault monster count
 F = Vault count percentage of total count
                 A         B        C        D         E       F
            +---------+---------+-------+---------+---------+-------
      Total |    4358 |    2123 |  32.8 |     188 |      25 |  11.7
            +---------+---------+-------+---------+---------+-------
        D:1 |      30 |       0 |   0.0 |      20 |       0 |   0.0
        D:2 |      67 |       0 |   0.0 |      22 |       0 |   0.0
        D:3 |      73 |       0 |   0.0 |      23 |       0 |   0.0
        D:4 |     503 |     863 |  63.2 |      22 |      20 |  47.6
        D:5 |     647 |       0 |   0.0 |      27 |       0 |   0.0
        D:6 |     774 |    1257 |  61.9 |      18 |       4 |  18.2
        D:7 |    1067 |       3 |   0.3 |      24 |       1 |   4.0
        D:8 |    1197 |       0 |   0.0 |      32 |       0 |   0.0
            +---------+---------+-------+---------+---------+-------
